 Dungeon Crawl Stone Soup version 0.25-a0-424-g80bd347ae0 (webtiles) character file.

Game seed: 14007190541360367132, levelgen mode: deterministic

2426 ReteAZ the Geomancer (level 9, -3/68 HPs)
             Began as a Deep Dwarf Earth Elementalist on Jan 23, 2020.
             Was a Follower of Makhleb.
             Slain by Harold
             ... wielding a +0 vorpal war axe
              (8 damage)
             ... on level 7 of the Dungeon.
             The game lasted 00:23:00 (6195 turns).

ReteAZ the Geomancer (DDEE)                         Turns: 6195, Time: 00:23:01

Health: -3/68      AC:  6    Str: 16    XL:     9   Next: 24%
Magic:  9/17       EV: 13    Int: 18    God:    Makhleb [*.....]
Gold:   289        SH:  0    Dex: 16    Spells: 16/20 levels left

rFire    . . .     SeeInvis .   G - +4 quarterstaff (chaos)
rCold    . . .     Gourm    .   (shield currently unavailable)
rNeg     . . .     Faith    .   c - +0 robe
rPois    +         Spirit   .   f - +0 helmet
rElec    .         Reflect  .   H - +0 cloak {rPois}
rCorr    .         Harm     .   n - +0 pair of gloves
MR       +....                  z - +0 pair of boots
Stlth    ++........             (no amulet)
HPRegen  0.00/turn              j - +3 ring of strength
MPRegen  0.15/turn              v - +3 ring of dexterity

@: very slightly contaminated, non-regenerating
A: damage resistance, heal wounds, sense surroundings 2, no regeneration
a: Heal Wounds, Renounce Religion


You were on level 7 of the Dungeon.
You worshipped Makhleb.
Makhleb was aware of your devotion.
You were not hungry.

You visited 2 branches of the dungeon, and saw 8 of its levels.
You also visited: Sewer.

You collected 289 gold pieces.

Inventory:

Hand Weapons
 m - a +0 short sword
 G - a +4 quarterstaff of chaos (weapon)
Missiles
 b - 91 stones (quivered)
 h - 12 javelins
 p - a throwing net
Armour
 c - a +0 robe (worn)
 f - a +0 helmet (worn)
 n - a +0 pair of gloves (worn)
 z - a +0 pair of boots (worn)
 D - a +0 cloak
 H - a +0 cloak of poison resistance (worn)
Jewellery
 j - a +3 ring of strength (left hand)
 v - a +3 ring of dexterity (right hand)
 x - an uncursed amulet of faith
Wands
 F - a wand of scattershot (6)
Scrolls
 i - 6 scrolls of identify
 l - 3 scrolls of fog {unknown}
 o - 2 scrolls of random uselessness {unknown}
 q - 3 scrolls of teleportation {unknown}
 r - a scroll of enchant weapon {unknown}
 s - 2 scrolls of enchant armour {unknown}
 t - 6 scrolls of remove curse {unknown}
 u - a scroll of noise {unknown}
 y - a scroll of blinking {unknown}
 B - a scroll of silence {unknown}
Potions
 a - 2 potions of lignification {unknown}
 e - 2 potions of degeneration {unknown}
 g - 3 potions of heal wounds
 k - a potion of flight {unknown}
 w - a potion of mutation {unknown}
 A - 2 potions of invisibility {unknown}
 C - 3 potions of might {unknown}
 E - a potion of brilliance {unknown}
Comestibles
 d - 12 rations
 I - a chunk of flesh


   Skills:
 - Level 2.1 Dodging
 - Level 2.4 Stealth
 + Level 6.2 Spellcasting
   Level 0.8 Transmutations
 * Level 13.3 Earth Magic


You had 16 spell levels left.
You knew the following spells:

 Your Spells              Type           Power        Failure   Level  Hunger
a - Sandblast             Erth           ######       1%          1    None
b - Stone Arrow           Conj/Erth      ####..       2%          3    ##.....

Your spell library contained the following spells:

 Spells                   Type           Power        Failure   Level  Hunger
 Passwall                 Tmut/Erth      ####....     1%          2    None
 Lee's Rapid Deconstruct  Erth           ######....   1%          5    #####..
 Petrify                  Tmut/Erth      ####....     6%          4    ####...
 Beastly Appendage        Tmut           #.....       9%          1    None
 Sticks to Snakes         Tmut           #.......     12%         2    None
 Spider Form              Tmut/Pois      #.........   30%         3    ##.....
 Ice Form                 Ice/Tmut       #.......     69%         4    ####...
 Blade Hands              Tmut           #.........   92%         5    #####..


Dungeon Overview and Level Annotations

Branches:
Dungeon (7/15)             Temple (1/1) D:5           Sewer (visited)

Altars:
Ashenzari
Cheibriados
Dithmenos
Elyvilon
Fedhas
Gozag
Hepliaklqana
Kikubaaqudgha
Makhleb
Nemelex Xobeh
Okawaru
Qazlal
Ru
Sif Muna
Trog
Uskayaw
Vehumet
Wu Jian
Xom
Yredelemnul
Zin
The Shining One

Annotations:
D:7 Harold


Innate Abilities, Weirdness & Mutations

You are resistant to damage.
You can heal yourself by infusing magical energy.
You passively map the area around you.
You do not regenerate.


Message History

Harold barely misses you.
Casting: Sandblast (safe; 1% risk of failure)
Confirm with . or Enter, or press ? or * to list all spells.
Aiming: Sandblast (safe; 1% risk of failure)
Press: ? - help, Shift-Dir - straight line, f/p - Harold
Aim: Harold, wielding a +0 vorpal war axe and wearing a +0 scale mail (heavily wounded)
The blast of sand hits Harold!
Harold is severely wounded.
b - 92 stones
Casting: Sandblast (safe; 1% risk of failure)
Confirm with . or Enter, or press ? or * to list all spells.
Aiming: Sandblast (safe; 1% risk of failure)
Press: ? - help, Shift-Dir - straight line, f/p - Harold
Aim: Harold, wielding a +0 vorpal war axe and wearing a +0 scale mail (severely wounded)
The blast of sand hits Harold!
Harold is almost dead.
b - 91 stones Harold hits you with a +0 vorpal war axe!!
* * * LOW HITPOINT WARNING * * *
You die...

..######..#
*.# *#* , *
, * ##.##
,.# , * *
#..# , ,
#..# , ,
##.## *
#.## * ,,
#.# , * *
#.# , ,*
#@## *,
##@# *
#........
##.......
###....* *
* , ### ,
** * * *


You could see Harold.

Vanquished Creatures
  2 orc warriors
  An ice beast (D:7)
  3 sky beasts
  5 ogres
  2 bullfrogs
  A water moccasin skeleton (D:6)
  2 scorpions (D:6)
  A howler monkey (D:4)
  2 crimson imps (D:6)
  2 quasits
  A centaur zombie (D:6)
  A jelly (D:5)
  A bullfrog skeleton (D:5)
  A centaur skeleton (D:7)
  An orc priest (D:6)
  8 orc wizards
  4 hounds
  Crazy Yiuf (D:5)
  6 worker ants
  A hound skeleton (D:6)
  A howler monkey skeleton (D:5)
  10 adders
  A river rat (D:3)
  A shadow imp (D:5)
  12 oozes
  A worm (D:3)
  2 dart slugs (D:1)
  11 leopard geckos
  14 orcs
  16 ball pythons
  21 giant cockroaches
  7 goblins
  4 hobgoblins
  6 jackals
  4 kobolds
  3 quokkas
  5 bats
  22 frilled lizards
  7 rats
194 creatures vanquished.

Notes
Turn   | Place    | Note
-------+----------+-------------------------------------------
     0 | D:1      | ReteAZ the Deep Dwarf Earth Elementalist began the quest
                  | for the Orb.
     0 | D:1      | Reached XP level 1. HP: 15/15 MP: 3/3
   643 | D:1      | Reached XP level 2. HP: 8/22 MP: 1/5
  1127 | D:2      | Reached skill level 5 in Earth Magic
  1206 | D:2      | Reached XP level 3. HP: 9/28 MP: 3/6
  1451 | D:2      | Reached XP level 4. HP: 12/36 MP: 2/7
  1540 | D:2      | Reached skill level 6 in Earth Magic
  1770 | D:3      | Found a glowing drain.
  1864 | Sewer    | Entered a sewer
  2105 | Sewer    | Reached XP level 5. HP: 13/42 MP: 6/9
  2249 | Sewer    | Reached skill level 7 in Earth Magic
  2261 | Sewer    | Learned a level 3 spell: Stone Arrow
  2399 | Sewer    | Reached XP level 6. HP: 14/49 MP: 5/10
  2610 | D:3      | Reached skill level 8 in Earth Magic
  3180 | D:4      | Reached skill level 9 in Earth Magic
  3180 | D:4      | Reached XP level 7. HP: 48/55 MP: 6/11
  3642 | D:5      | Entered Level 5 of the Dungeon
  3673 | D:5      | Reached skill level 10 in Earth Magic
  3767 | D:5      | Reached XP level 8. HP: 35/62 MP: 8/14
  4069 | D:5      | Reached skill level 11 in Earth Magic
  4132 | D:5      | Found a staircase to the Ecumenical Temple.
  4159 | D:5      | Reached skill level 5 in Spellcasting
  4284 | D:5      | Found a sparkling altar of Nemelex Xobeh.
  4344 | D:5      | Found a runed translucent door.
  4345 | D:5      | Noticed Crazy Yiuf
  4350 | D:5      | Killed Crazy Yiuf
  4555 | Temple   | Entered the Ecumenical Temple
  4915 | Temple   | Became a worshipper of Makhleb the Destroyer
  5047 | D:6      | Found a snail-covered altar of Cheibriados.
  5063 | D:6      | Reached skill level 12 in Earth Magic
  5546 | D:6      | Gained mutation: You passively map the area around you.
                  | [Deep Dwarf growth]
  5546 | D:6      | Reached XP level 9. HP: 42/68 MP: 11/16
  5741 | D:6      | Reached * piety under Makhleb
  5743 | D:6      | Reached skill level 13 in Earth Magic
  6102 | D:7      | Found a shadowy altar of Dithmenos.
  6182 | D:7      | Noticed Harold
  6189 | D:7      | HP: 3/68 [Harold/+0 vorpal war axe (2)]
  6195 | D:7      | Slain by Harold

Levels and vault maps discovered:
D:1:      minmay_arrival_up_and_down, layout_basic,
          chequers_serial_rivers_small_a, minmay_tall_x
D:2:      layout_rooms
D:3:      layout_rooms, portal_sewer_entry_a, kennysheep_cross_bottleneck
D:4:      layout_rooms, first_ration
D:5:      layout_cave_pools, temple_pool_b, nemelex_lonely_heart_becter,
          uniq_crazy_yiuf_cottage
D:6:      layout_rooms, basic_altar
D:7:      layout_layer_cave, nicolae_dithmenos_through_a_glass_darkly,
          serial_shops, shop, uniq_harold
Temple:   compressed_dpeg_triangle_lava_temple

Skill      XL: |  1  2  3  4  5  6  7  8  9 |
---------------+----------------------------+-----
Spellcasting   | 2 3 4 5 6 |  6.2
Earth Magic    | 5 6 7 9 10 12 13 | 13.3
Dodging        | |  2.1
Stealth        | |  2.4
Transmutations | |  0.8

Action                   |  1- 3 |  4- 6 |  7- 9 || total
-------------------------+-------+-------+-------++-------
Melee: Unarmed           |    16 |       |       ||    16
       Short sword       |    18 |    31 |     3 ||    52
       Quarterstaff      |       |       |     3 ||     3
 Cast: Sandblast         |    39 |   107 |    88 ||   234
       Stone Arrow       |       |     7 |    44 ||    51
 Abil: Heal Wounds       |       |     1 |       ||     1
  Use: Scroll            |       |     1 |       ||     1
       Potion            |       |       |     3 ||     3
 Stab: Sleeping          |     1 |       |       ||     1
  Eat: Chunk             |     2 |     7 |    12 ||    21
Armor: Robe              |    10 |    15 |    12 ||    37
Dodge: Dodged            |    28 |    35 |    24 ||    87

Table legend:
 A = Non-vault XP
 B = Vault XP
 C = Vault XP percentage of total XP
 D = Non-vault monster count
 E = Vault monster count
 F = Vault count percentage of total count
                 A         B        C        D         E       F
            +---------+---------+-------+---------+---------+-------
      Total |    3115 |     351 |  10.1 |     120 |      74 |  38.1
            +---------+---------+-------+---------+---------+-------
        D:1 |      22 |      10 |  31.2 |      12 |       4 |  25.0
        D:2 |      87 |       0 |   0.0 |      24 |       0 |   0.0
        D:3 |      42 |      23 |  35.4 |      12 |       6 |  33.3
        D:4 |     531 |       0 |   0.0 |      14 |       0 |   0.0
        D:5 |    1032 |      37 |   3.5 |      20 |       1 |   4.8
        D:6 |    1104 |       0 |   0.0 |      30 |       0 |   0.0
        D:7 |     297 |       0 |   0.0 |       8 |       0 |   0.0
      Sewer |       0 |     281 | 100.0 |       0 |      63 | 100.0
            +---------+---------+-------+---------+---------+-------
